 Dungeon Crawl Stone Soup version 0.31-a0-40-g1d5085d191 (webtiles) character file.

Game seed: 17773549162143804643

28 lunkers the Chucker (level 3, -1/28 HPs)
             Began as a Meteoran Wanderer on May 18, 2023.
             Slain by a kobold
             ... wielding a +0 short sword
              (2 damage)
             ... on level 1 of the Dungeon.
             The game lasted 00:01:27 (462 turns).

lunkers the Chucker (Meteoran Wanderer)              Turns: 462, Time: 00:01:27

Health: -1/28      AC:  2    Str: 11    XL:     3   Next: 47%
Magic:  6/6        EV: 11    Int: 16    God:
Gold:   0          SH:  0    Dex: 15    Spells: 3/4 levels left

rFire   . . .        b - +4 short sword
rCold   . . .        (no shield)
rNeg    . . .        e - +0 robe
rPois   .            (no helmet)
rElec   .            (no cloak)
rCorr   .            (no gloves)
SInv    .            (no boots)
Will    .....        (no amulet)
Stlth   +            (no ring)
HPRegen 0.24/turn    (no ring)
MPRegen 0.10/turn

%: no passive effects
@: glowing
A: sense surroundings 1, otherworldly, glowing, explore regen
a: no special abilities


You were on level 1 of the Dungeon.
You visited 1 branch of the dungeon, and saw 1 of its levels.

Inventory:

Hand Weapons
 a - a +2 dagger
 b - a +4 short sword (weapon)
Missiles
 f - 4 atropa-tipped darts
 l - 3 curare-tipped darts
Armour
 e - a +0 robe (worn)
Scrolls
 d - a scroll of blinking
 g - a scroll of poison {unknown}
 h - a scroll of vulnerability {unknown}
 i - a scroll of silence {unknown}
 j - a scroll of fog {unknown}
 k - a scroll of magic mapping {unknown}
 n - a scroll of identify {unknown}
Potions
 m - a potion of attraction {unknown}
Miscellaneous
 c - a piece from Xom's chessboard (15/15)


   Skills:
 - Level 1.1 Fighting
 + Level 3.0 Short Blades
 - Level 6.0 Throwing
 - Level 1.2 Armour
 - Level 1.3 Spellcasting
 - Level 1.2 Conjurations
 - Level 1.2 Evocations


You had 3 spell levels left.
You knew the following spells:

 Your Spells              Type           Power      Damage    Failure   Level
p - Shock                 Conj/Air       12%        1d3       17%         1

Your spell library contained the following spells:

 Spells                   Type           Power      Damage    Failure   Level
 Dazzling Flash           Conj/Hex       6%         N/A       45%         3


Dungeon Overview and Level Annotations

Branches:
Dungeon (1/15) Zot: 144

Altars:


Innate Abilities, Weirdness & Mutations

You passively map a small area around you.
You are easily found by Zot.
You glow in the dark.
You regain HP and MP as you explore.


Message History

Found a stone staircase leading down.
No target in view!
A goblin comes into view.
It is wielding a +2 dagger of distortion.
The goblin shouts!
You hear a shout!
Found a scroll labelled ZABUIFOUCYU.
A kobold comes into view. It is wielding a +0 short sword.
The goblin hits you with a +2 dagger of distortion.
Space warps around you.
There is a stone staircase leading down here.
You closely miss the goblin.
The goblin hits you with a +2 dagger of distortion.
* * * LOW HITPOINT WARNING * * *
You blink.
An endoplasm and a quokka come into view.
The kobold barely misses you.
You barely miss the kobold.
Unknown command.
You closely miss the quokka.
The endoplasm quivers.
The kobold barely misses you. The quokka barely misses you.
Unknown command.
You barely miss the quokka. The quokka bites you.
The kobold hits you with a +0 short sword.
* * * LOW HITPOINT WARNING * * *
You are too injured to fight recklessly!
Unknown command.
You hit the quokka.
The quokka is severely wounded.
The quokka bites you.
* * * LOW HITPOINT WARNING * * *
The kobold hits you with a +0 short sword.
* * * LOW HITPOINT WARNING * * *
You closely miss the quokka.
The quokka is severely wounded.
The quokka bites you.
* * * LOW HITPOINT WARNING * * *
The endoplasm hits you.
* * * LOW HITPOINT WARNING * * *
The kobold hits you with a +0 short sword.
You die...

######### #.......#
#######.......#
#.............##########
#.......r.....##.......#
#......@J.....##.......#
#......gK#######........
#........# #............
#........#...####...###.
#..........#* #...# #.
#####....########...# #.
#>....?........([# #.
#.###########....# #.
#.###### #....# #.


You could see an endoplasm, a quokka, a goblin and a kobold.

Vanquished Creatures
  2 bats (D:1)
  4 endoplasms (D:1)
  3 goblins (D:1)
  3 hobgoblins (D:1)
  5 kobolds (D:1)
  5 ball pythons (D:1)
  A frilled lizard (D:1)
  A rat (D:1)
24 creatures vanquished.

Notes
Turn   | Place    | Note
-------+----------+-------------------------------------------
     0 | D:1      | lunkers the Meteoran Wanderer began the quest for the Orb.
     0 | D:1      | lunkers set off with the following items: a +2 dagger, 3
                  | curare-tipped darts, a piece from Xom's chessboard (15/15),
                  | a scroll of blinking, a +0 robe; and the following spell
                  | memorised: Shock; and the following spells available to
                  | memorise: Dazzling Flash.
     0 | D:1      | Reached XP level 1. HP: 16/16 MP: 3/3
    23 | D:1      | Reached skill level 1 in Short Blades
    58 | D:1      | Reached XP level 2. HP: 16/23 MP: 5/5
   243 | D:1      | Reached XP level 3. HP: 22/28 MP: 6/6
   462 | D:1      | HP: 1/28 [endoplasm (1)]
   462 | D:1      | Slain by a kobold

Illustrated notes

Levels and vault maps discovered:
D:1:      dpeg_arrival_rhombus, layout_basic

Skill      XL: |  1  2  3 |
---------------+----------+-----
Short Blades   | 1 2 3 |  3.0
Fighting       | |  1.1
Throwing       | |  6.0
Armour         | |  1.2
Spellcasting   | |  1.3
Conjurations   | |  1.2
Evocations     | |  1.2

Action                     || total
---------------------------++-------
  Melee: Dagger            ||    46
         Short sword       ||    27
         Punch             ||     1
   Cast: Shock             ||     2
 Armour: Robe              ||    23
  Dodge: Dodged            ||    38

Table legend: (Time is in decaauts)
 A = Elapsed time spent in this place.
 B = Non-inter-level travel time spent in this place.
 C = Inter-level travel time spent in this place.
 D = Time resting spent in this place.
 E = Time spent auto-exploring this place.
 F = Levels seen in this place.
 G = Mean time per level.
                   A        B        C        D        E       F      G
               +--------+--------+--------+--------+--------+-----+--------+
         Total |    454 |    454 |      0 |      0 |    287 |   1 |  454.0 |
       Dungeon |    454 |    454 |      0 |      0 |    287 |   1 |  454.0 |
               +--------+--------+--------+--------+--------+-----+--------+

Top non-repeatable levels by time:
     D:1: 454 daAuts
